 Dungeon Crawl Stone Soup version 0.25.0-10-g039870ee82 (webtiles) character file.

Game seed: 3583818130898104614

204 Delamore the Cudgeler (level 5, -1/32 HPs)
             Began as a Gargoyle Fighter on June 23, 2020.
             Slain by a kobold (2 damage)
             ... on level 2 of the Dungeon.
             The game lasted 00:01:17 (1646 turns).

Delamore the Cudgeler (Gargoyle Fighter)            Turns: 1646, Time: 00:01:18

Health: -1/32      AC: 10    Str: 21    XL:     5   Next: 82%
Magic:  5/5        EV:  7    Int:  8    God:
Gold:   29         SH:  9    Dex:  9    Spells: 4/4 levels left

rFire    . . .     SeeInvis .   a - +0 flail
rCold    . . .     Gourm    .   c - +0 kite shield
rNeg     + . .     Faith    .   b - +0 scale mail
rPois    ∞         Spirit   .   (no helmet)
rElec    +         Reflect  .   (no cloak)
rCorr    .         Harm     .   (no gloves)
MR       .....                  (no boots)
Stlth    ..........             (no amulet)
HPRegen  0.10/turn              (no ring)
MPRegen  0.09/turn              (no ring)

@: brilliant
A: negative energy resistance 1, electricity resistance, unbreathing,
petrification resistance, rot immunity, AC +4
a: no special abilities


You were on level 2 of the Dungeon.
You were not hungry.

You visited 1 branch of the dungeon, and saw 2 of its levels.

You collected 29 gold pieces.

Inventory:

Hand Weapons
 a - a +0 flail (weapon)
Armour
 b - a +0 scale mail (worn)
 c - a +0 kite shield (worn)
Scrolls
 e - a scroll of remove curse {unknown}
 h - 2 scrolls of identify {unknown}
 i - 2 scrolls of teleportation {unknown}
 j - a scroll of blinking {unknown}
 k - a scroll of immolation {unknown}
Potions
 d - 2 potions of might
Comestibles
 f - 3 rations
 l - 4 chunks of flesh


   Skills:
 - Level 3.2 Fighting
 + Level 5.9 Maces & Flails
 - Level 3.2 Armour
 - Level 3.2 Shields


You had 4 spell levels left.
You didn't know any spells.
Your spell library was empty.

Dungeon Overview and Level Annotations

Branches:
Dungeon (2/15)

Altars:

Annotations:
D:2 Natasha


Innate Abilities, Weirdness & Mutations

You are resistant to torment.
Your stone body is resilient. (AC +4)
You are immune to poison.
You resist negative energy. (rN+)
You are resistant to electric shocks. (rElec)
You can survive without breathing.
You are immune to petrification.
You are immune to rotting.


Message History

The magic dart hits you.
The shadow imp shouts, "Abandon hope, thou weedy pigeon-egg flax-wench!"
The crimson imp hits you but does no damage.
Natasha barely misses you. The kobold barely misses you.
The crimson imp hits you but does no damage.
You barely miss Natasha.
Natasha is severely wounded.
Natasha casts a spell at you. The magic dart hits you.
* * * LOW HITPOINT WARNING * * *
The kobold closely misses you. Natasha claws you.
* * * LOW HITPOINT WARNING * * *
The crimson imp hits you.
* * * LOW HITPOINT WARNING * * *
It was a potion of brilliance.
You feel clever all of a sudden.
Natasha howls an incantation.
Natasha's front paws start to glow.
Natasha claws you but does no damage. The kobold hits you.
You die...

#####.......>.........
#..........#########.#
#....).....# #.#
#..........########
#..................
#..................
#####+####.........
#.K..............
#.#@###..........
#5h5#..........
###5#..........
.#..........
#.......### +.......#
#.......#


You could see Natasha (fast), a crimson imp (summoned), 2 shadow imps and a
kobold.

Vanquished Creatures
  Sigmund (D:2)
  2 adders (D:2)
  A dart slug (D:1)
  2 leopard geckos (D:1)
  2 giant cockroaches
  3 hobgoblins
  6 jackals
  3 kobolds (D:1)
  A quokka (D:2)
  6 bats
  2 frilled lizards (D:2)
  A goblin (D:2)
  9 rats
39 creatures vanquished.

Notes
Turn   | Place    | Note
-------+----------+-------------------------------------------
     0 | D:1      | Delamore the Gargoyle Fighter began the quest for the Orb.
     0 | D:1      | Reached XP level 1. HP: 14/14 MP: 1/1
   105 | D:1      | Reached XP level 2. HP: 15/19 MP: 2/2
   285 | D:1      | Reached skill level 3 in Maces & Flails
   775 | D:1      | Reached XP level 3. HP: 23/23 MP: 3/3
  1085 | D:2      | Reached skill level 4 in Maces & Flails
  1231 | D:2      | Reached XP level 4. HP: 12/28 MP: 4/4
  1437 | D:2      | Noticed Sigmund
  1448 | D:2      | Killed Sigmund
  1448 | D:2      | Reached skill level 5 in Maces & Flails
  1448 | D:2      | Reached XP level 5. HP: 16/32 MP: 5/5
  1630 | D:2      | Noticed Natasha
  1645 | D:2      | HP: 1/32 [crimson imp[Natasha] (3)]
  1646 | D:2      | Slain by a kobold

Illustrated notes

Levels and vault maps discovered:
D:1:      minmay_arrival_diagonal_passages, layout_loops_ring
D:2:      layout_basic, first_ration, trog_three_pillars_becter, uniq_sigmund,
          uniq_natasha

Skill      XL: |  1  2  3  4 |
---------------+-------------+-----
Maces & Flails | 3 4 5 |  5.9
Fighting       | |  3.2
Armour         | |  3.2
Shields        | |  3.2

Action                   |  1- 3 |  4- 6 || total
-------------------------+-------+-------++-------
Melee: Flail             |   148 |    29 ||   177
  Use: Potion            |       |     1 ||     1
  Eat: Chunk             |     1 |     2 ||     3
Armor: Scale mail        |    92 |    24 ||   116
Dodge: Dodged            |    48 |    16 ||    64
Block: Kite shield       |    90 |    16 ||   106
